 Dungeon Crawl Stone Soup version 0.31-a0-358-gac0dbeb3ab (webtiles) character file.

Game seed: 16708030556200231107

438 CraigForest the Caller (level 7, -2/51 HPs)
             Began as a Barachi Summoner on Feb 28, 2022.
             Was an Initiate of Cheibriados.
             Killed by nerve-wracking pain
             ... invoked by a shadow imp
              (12 damage)
             ... on level 5 of the Dungeon on July 25, 2023.
             The game lasted 00:27:23 (4545 turns).

CraigForest the Caller (Barachi Summoner)           Turns: 4545, Time: 00:27:24

Health: -2/51      AC: 15    Str: 10    XL:     7   Next: 1%
Magic:  12/12      EV: 11    Int: 17    God:    Cheibriados [......]
Gold:   296        SH:  0    Dex: 15    Spells: 10/13 levels left

rFire   + . .        o - +0 long sword
rCold   . . .        (no shield)
rNeg    . . .        b - +2 ring mail {rF+}
rPois   .            (no helmet)
rElec   .            (no cloak)
rCorr   .            (no gloves)
SInv    .            (no boots)
Will    .....        (no amulet)
Stlth   ++           r - +4 ring of protection
HPRegen 0.28/turn    l - +4 ring of protection
MPRegen 0.13/turn

%: no passive effects
@: unable to hop, very slow
A: amphibious, slowness 1, strong legs 1, +LOS
a: Hop, Renounce Religion


You were on level 5 of the Dungeon.
You worshipped Cheibriados.
Cheibriados was noncommittal.
You visited 1 branch of the dungeon, and saw 5 of its levels.

You collected 296 gold pieces.

Inventory:

Hand Weapons
 o - a +0 long sword (weapon)
 p - a +0 trident
 u - a +0 rapier
 B - the +8 sling of Patterns {drain, +Blink rN+ rCorr Dex-3}
   (You found it on level 5 of the Dungeon)

   Dex:       It affects your dexterity (-3).
   rN:        It protects you from negative energy.
   +Blink:    It lets you blink.
   rCorr:     It protects you from acid and corrosion.
Missiles
 n - 3 javelins
Armour
 a - a +0 robe
 b - a +2 ring mail of fire resistance (worn)
Jewellery
 f - a ring of protection from fire
 l - a +4 ring of protection (right hand)
 r - a +4 ring of protection (left hand)
Scrolls
 h - a scroll of immolation {unknown}
 j - a scroll of revelation {unknown}
 q - 2 scrolls of amnesia {unknown}
 s - a scroll of teleportation {unknown}
 v - a scroll of noise {unknown}
 w - a scroll of fear {unknown}
 x - a scroll of enchant armour {unknown}
 y - a scroll of blinking {unknown}
Potions
 c - 2 potions of heal wounds {unknown}
 d - a potion of cancellation
 e - a potion of enlightenment
 g - a potion of magic {unknown}
 i - a potion of attraction
 k - a potion of invisibility
 m - 2 potions of curing
 t - 2 potions of brilliance {unknown}
 z - 2 potions of ambrosia {unknown}
 A - a potion of mutation {unknown}


   Skills:
 + Level 2.4 Fighting
 + Level 4.4 Long Blades
 + Level 3.7 Armour
 + Level 2.9 Dodging
 + Level 2.6 Stealth
 + Level 3.5 Spellcasting
 - Level 5.0 Summonings


You had 10 spell levels left.
You knew the following spells:

 Your Spells              Type           Power      Damage    Failure   Level
a - Summon Small Mammal   Summ           80%        N/A       5%          1
b - Call Imp              Summ           40%        N/A       8%          2

Your spell library contained the following spells:

 Spells                   Type           Power      Damage    Failure   Level
 Call Canine Familiar     Summ           20%        N/A       16%         3
 Magic Dart               Conj           12%        1d3       38%         1
 Summon Guardian Golem    Hex/Summ       11%        N/A       41%         3
 Ensorcelled Hibernation  Hex/Ice        6%         N/A       52%         2
 Passwall                 Tmut/Erth      2%         N/A       52%         2
 Mephitic Cloud           Conj/Pois/Air  3%         N/A       77%         3
 Swiftness                Air            3%         N/A       77%         3
 Summon Lightning Spire   Summ/Air       11%        N/A       82%         4


Dungeon Overview and Level Annotations

Branches:
Dungeon (5/15)
 Temple: D:4-7

Altars:
Cheibriados
Dithmenos
Hepliaklqana
Makhleb
Yredelemnul

Annotations:
D:5 Pikel


Innate Abilities, Weirdness & Mutations

You are amphibious.
You cover ground slowly.
You can hop short distances.
You have an extended range of vision and can be seen from far away.


Message History

Your cerulean imp hits the lemure with a -2 spear.
Pikel hits you but does no damage.
The lemure hits you but does no damage. x3
Your cerulean imp hits the lemure with a -2 spear.
Pikel hits you but does no damage. The lemure hits you but does no damage.
The lemure barely misses you. The lemure hits you but does no damage.
Your cerulean imp hits the lemure but does no damage.
You can move again.
Hop to where?
Press: ? - help, Dir - move target
Okay, then.
Hop to where?
Press: ? - help, Dir - move target Boing!
Pikel zaps a wand.
You resist with some effort. The lemure hits you but does no damage.
Your cerulean imp barely misses the lemure.
You hear the brisk hiss of a very distant avalanche of sand.
Your cerulean imp hits the lemure but does no damage.
The lemure hits you but does no damage. The lemure misses you.
There is an open door here.
The lemure attacks as you move away! The lemure hits you but does no damage.
Your cerulean imp misses the lemure.
Your cerulean imp hits the lemure from afar with a -2 spear.
The lemure dies!
It was a potion of invisibility.
You fade into invisibility!
Your cerulean imp barely misses Pikel.
Your cerulean imp hits Pikel with a -2 spear.
Pikel barely misses something.
Pikel misses something.
Pikel is nearby!
You open the door.
A shadow imp comes into view.
You flicker for a moment.
Pikel zaps a wand.
The lemure resists with some effort.
There is an open door here.
You flicker back into view.
The shadow imp shouts!
The shadow imp gestures at you. Pain shoots through your body!
You die...

#....'...'.....#.......#
#....#...#.....#....5..#
#....#...#.....#...(5..'
.......#######..######'###
....###########'.5......§§.
....#........'.5.≈≈≈≈.≈§§≈.
#....#........#...≈K[...§.≈§
#... #........#..§§5♣♣♣♣♣§§.
+.5...@..#...≈.♣.....§.
##########.#.≈.♣._.♣.≈.
#.#.≈.....♣.≈. #.#.≈.♣♣♣
♣.§. #.#.§.....§.≈.
#...≈≈≈≈§§≈§≈. .......§...
#####.##$#. #. ....


You could see a shadow imp.

Vanquished Creatures
  A black bear (D:5)
  Blork the orc (D:4)
  A sleepcap (D:5)
  Jessica (D:3)
  An adder (D:3)
  A worm (D:3)
  3 dart slugs
  6 orcs (D:3)
  3 ball pythons (D:3)
  6 endoplasms
  A giant cockroach (D:2)
  5 goblins
  5 hobgoblins
  4 jackals (D:3)
  4 bats
  3 frilled lizards
  5 kobolds
  7 rats
58 creatures vanquished.

Vanquished Creatures (collateral kills)
  A sky beast (D:4)
  A lemure (D:5)
  Robin (D:3)
  An adder (D:4)
  An ufetubus (D:5)
  A dart slug (D:1)
  2 endoplasms (D:1)
  A giant cockroach (D:1)
  6 goblins
  4 hobgoblins
  2 jackals (D:1)
  3 ball pythons
  A frilled lizard (D:1)
25 creatures vanquished.

Grand Total: 83 creatures vanquished

Notes
Turn   | Place    | Note
-------+----------+-------------------------------------------
     0 | D:1      | CraigForest the Barachi Summoner began the quest for the
                  | Orb.
     0 | D:1      | Reached XP level 1. HP: 13/13 MP: 3/3
   295 | D:1      | Reached skill level 5 in Summonings
   416 | D:1      | Found a faded altar of an unknown god.
   463 | D:1      | Reached XP level 2. HP: 17/19 MP: 3/5
   699 | D:1      | Learned a level 2 spell: Call Imp
   790 | D:1      | Reached skill level 1 in Armour
  1263 | D:1      | Reached XP level 3. HP: 24/25 MP: 5/7
  2808 | D:3      | Noticed Jessica
  2824 | D:3      | Killed Jessica
  2825 | D:3      | Reached skill level 1 in Fighting
  2825 | D:3      | Reached skill level 1 in Long Blades
  2825 | D:3      | Reached XP level 4. HP: 5/32 MP: 3/8
  3142 | D:3      | Found a basalt altar of Yredelemnul.
  3204 | D:3      | Noticed Robin
  3221 | D:3      | Killed Robin
  3445 | D:3      | Reached XP level 5. HP: 36/37 MP: 9/9
  3858 | D:4      | Noticed a sky beast
  3876 | D:4      | Killed a sky beast
  3877 | D:4      | Reached XP level 6. HP: 22/44 MP: 8/11
  4053 | D:4      | Upgraded the game from 0.29-a0-231-g945431f764 to
                  | 0.29-a0-233-g1125b37a9b
  4053 | D:4      | Upgraded the game from 0.29-a0-233-g1125b37a9b to
                  | 0.30-a0-297-g0ec75d9ef4
  4055 | D:4      | Upgraded the game from 0.30-a0-297-g0ec75d9ef4 to
                  | 0.31-a0-358-gac0dbeb3ab
  4091 | D:4      | Noticed Blork the orc
  4107 | D:4      | Killed Blork the orc
  4170 | D:4      | Found a snail-covered altar of Cheibriados.
  4184 | D:4      | Became a worshipper of Cheibriados the Contemplative
  4222 | D:4      | Found a shadowy altar of Dithmenos.
  4222 | D:4      | Noticed a shadow
  4224 | D:4      | Found a hazy altar of Hepliaklqana.
  4345 | D:5      | Entered Level 5 of the Dungeon
  4361 | D:5      | Noticed a black bear
  4368 | D:5      | Killed a black bear
  4462 | D:5      | Found a burning altar of Makhleb.
  4484 | D:5      | Reached XP level 7. HP: 41/51 MP: 10/12
  4496 | D:5      | Identified the +8 sling of Patterns {drain, +Blink rN+
                  | rCorr Dex-3}
  4498 | D:5      | Noticed Pikel
  4506 | D:5      | Paralysed by Pikel for 5 turns
  4524 | D:5      | Paralysed by Pikel for 5 turns
  4545 | D:5      | Killed from afar by a shadow imp

Illustrated notes

Levels and vault maps discovered:
D:1:      mrwooster_arrival_statue_2, layout_basic,
          shapermc_ecumenical_altar_hornbeckon
D:2:      layout_basic, kennysheep_generic_room_4
D:3:      kb_forest_paths, layout_basic, nicolae_overflow_crystal_walls,
          serial_forest, infiniplex_forest_clump_C,
          infiniplex_forest_straight_4, infiniplex_forest_lined_corner,
          infiniplex_forest_straight_3, infiniplex_forest_end_2,
          infiniplex_forest_clump_medium, infiniplex_forest_corner_1,
          uniq_jessica, uniq_robin
D:4:      layout_cave_pools, kennysheep_slug_shrine,
          riverfiend_overflow_shadow_ancestor, minmay_temple_entry_proselytizer,
          uniq_blork_the_orc
D:5:      layout_gridville, mainiacjoe_overflow_brackets, enter_ossuary_3,
          uniq_pikel

Skill      XL: |  1  2  3  4  5  6 |
---------------+-------------------+-----
Summonings     | 5 |  5.0
Stealth        | 2 |  2.6
Armour         | 1 2 3 |  3.7
Spellcasting   | 3 |  3.5
Fighting       | 1 2 |  2.4
Long Blades    | 1 2 3 4 |  4.4
Dodging        | |  2.9

Action                     |  1- 3 |  4- 6 |  7- 9 || total
---------------------------+-------+-------+-------++-------
  Melee: Unarmed           |    27 |       |       ||    27
         Dagger            |    59 |       |       ||    59
         Punch             |     2 |     1 |       ||     3
         Long sword        |    64 |   130 |    13 ||   207
   Cast: Summon Small Mamm |     8 |       |       ||     8
         Call Imp          |    20 |     9 |     2 ||    31
Ability: Hop               |       |       |     1 ||     1
    Use: Scroll            |       |     5 |       ||     5
         Potion            |       |       |     1 ||     1
   Stab: Distracted        |     2 |     3 |       ||     5
         Sleeping          |     2 |       |       ||     2
 Armour: Ring mail         |    70 |    86 |    32 ||   188
         Robe              |     1 |       |       ||     1
  Dodge: Dodged            |    78 |    51 |    12 ||   141

Table legend: (Time is in decaauts)
 A = Elapsed time spent in this place.
 B = Non-inter-level travel time spent in this place.
 C = Inter-level travel time spent in this place.
 D = Time resting spent in this place.
 E = Time spent auto-exploring this place.
 F = Levels seen in this place.
 G = Mean time per level.
                   A        B        C        D        E       F      G
               +--------+--------+--------+--------+--------+-----+--------+
         Total |   5200 |   4806 |    394 |      0 |   3439 |   5 | 1040.0 |
       Dungeon |   5200 |   4806 |    394 |      0 |   3439 |   5 | 1040.0 |
               +--------+--------+--------+--------+--------+-----+--------+

Top non-repeatable levels by time:
     D:1: 1785 daAuts
     D:3: 1478 daAuts
     D:2: 1062 daAuts
     D:4: 599 daAuts
     D:5: 274 daAuts
